[Event "Gibraltar Challengers A 2020"]
[Site "Caleta"]
[Date "2020.01.21"]
[Round "1.25"]
[White "Dolzhikova, Olga"]
[Black "Niharika Ch"]
[Result "1-0"]
[ECO "B07"]
[WhiteElo "2123"]
[BlackElo "1865"]
[Annotator "ChessBase"]
[PlyCount "63"]
[EventDate "2020.01.20"]
[EventType "swiss"]
[EventCountry "GGB"]
[SourceTitle "playchess.com"]
[Source "ChessBase"]
[SourceQuality "1"]
[TimeControl "6600+10"]

1. e4 c5 2. c3 d6 3. d4 Nf6 4. Bd3 Nc6 5. Nf3 e5 6. h3 a6 7. O-O b5 8. a4 b4 9. d5 Nb8 10. cxb4 cxb4 11. a5 Nbd7 12. Qa4 Be7 13. Be3 O-O 14. Qxb4 Nc5 15. Bxc5 dxc5 16. Qc3 Bd6 17. Nxe5 Re8 18. f4 Nh5 19. Nxf7 Kxf7 20. e5 Kg8 21. exd6 Qxd6 22. Qc4 Rb8 23. Nd2 Rb4 24. Qc2 Nxf4 25. Ne4 Qh6 26. Rae1 Bd7 27. Nxc5 Rxe1 28. Rxe1 Bxh3 29. Bxh7+ Kf7 30. Ne4 Rb7 31. Qc6 Bc8 32. Nd6+ 1-0

[Event "Gibraltar Challengers A 2020"]
[Site "Caleta"]
[Date "2020.01.21"]
[Round "1.26"]
[White "Auvinen, Esa"]
[Black "Bengherabi, Khalil"]
[Result "0-1"]
[ECO "B70"]
[WhiteElo "1850"]
[BlackElo "2106"]
[Annotator "ChessBase"]
[PlyCount "114"]
[EventDate "2020.01.20"]
[EventType "swiss"]
[EventCountry "GGB"]
[SourceTitle "playchess.com"]
[Source "ChessBase"]
[SourceQuality "1"]
[TimeControl "6600+10"]

1. e4 c5 2. Nf3 d6 3. d4 cxd4 4. Nxd4 Nf6 5. Nc3 g6 6. Bb5+ Nbd7 7. O-O Bg7 8. Be3 O-O 9. Re1 Nc5 10. f3 a6 11. Bf1 Bd7 12. Qd2 Rc8 13. Rad1 Re8 14. Kh1 b5 15. a3 Qc7 16. Bf2 Qb7 17. Be3 b4 18. axb4 Qxb4 19. Rb1 Red8 20. Red1 a5 21. Nd5 Nxd5 22. exd5 Qxd2 23. Rxd2 Rb8 24. c3 Bxd4 25. Bxd4 Nb3 26. Rdd1 Bf5 27. Bd3 Nxd4 28. cxd4 Bxd3 29. Rxd3 Rdc8 30. h3 Rb5 31. Ra3 Rxd5 32. Rba1 Rc2 33. Rxa5 Rxa5 34. Rxa5 Rxb2 35. d5 Rc2 36. Ra7 Kf8 37. Ra4 Rd2 38. Ra5 Kg7 39. Kh2 Kf6 40. Kg3 g5 41. Rb5 h5 42. Ra5 h4+ 43. Kh2 Re2 44. Kg1 Re5 45. Ra4 Rxd5 46. f4 Rf5 47. fxg5+ Kxg5 48. Rg4+ Kh5 49. Rg8 Rf4 50. g4+ hxg3 51. Kg2 Rf6 52. Rh8+ Rh6 53. Re8 e6 54. Kxg3 Kg5 55. h4+ Kf5 56. Ra8 d5 57. Ra4 e5 0-1

[Event "Gibraltar Challengers A 2020"]
[Site "Caleta"]
[Date "2020.01.21"]
[Round "1.27"]
[White "Lopez Gonzalez, Alfonso"]
[Black "Hari Charan Sai Kalluri"]
[Result "1/2-1/2"]
[ECO "D00"]
[WhiteElo "2199"]
[BlackElo "1836"]
[Annotator "ChessBase"]
[PlyCount "109"]
[EventDate "2020.01.20"]
[EventType "swiss"]
[EventCountry "GGB"]
[SourceTitle "playchess.com"]
[Source "ChessBase"]
[SourceQuality "1"]
[TimeControl "6600+10"]

1. d4 d5 2. Bg5 c6 3. e3 Qb6 4. Qc1 Bf5 5. Nd2 Nd7 6. c4 e5 7. Ngf3 h6 8. Bh4 e4 9. Ng1 Ngf6 10. c5 Qd8 11. b4 g5 12. Bg3 Nh5 13. Be2 Nxg3 14. hxg3 Qc7 15. Bd1 Bg7 16. Ne2 O-O 17. Nb3 Bg6 18. Bc2 f5 19. Qd2 b6 20. Rc1 b5 21. Na5 Rae8 22. a4 a6 23. axb5 axb5 24. Bb3 h5 25. Qa2 Nf6 26. Rc3 Bh6 27. Qd2 Kg7 28. Bc2 Re6 29. Ra3 Rfe8 30. Rh3 Ng4 31. Qc1 Qf7 32. Bd1 Rf6 33. Ra2 Re7 34. Nb3 f4 35. gxf4 gxf4 36. Nxf4 Bxf4 37. exf4 e3 38. Bxg4 exf2+ 39. Kxf2 hxg4 40. Rh1 Rxf4+ 41. Kg3 Ree4 42. Rf2 Qe6 43. Rxf4 Re3+ 44. Kh4 Qe7+ 45. Kxg4 Qe6+ 46. Kh4 Qe7+ 47. Kg4 Qd7+ 48. Kh4 Qd8+ 49. Kg4 Qd7+ 50. Kh4 Qd8+ 51. Kg4 Qc8+ 52. Kh4 Qh8+ 53. Kg4 Qc8+ 54. Kh4 Qd8+ 55. Kg4 1/2-1/2

[Event "Gibraltar Challengers A 2020"]
[Site "Caleta"]
[Date "2020.01.21"]
[Round "1.28"]
[White "Hermes, Geoff R"]
[Black "Vinas Guerrero, Carlos A."]
[Result "1/2-1/2"]
[ECO "B08"]
[WhiteElo "1832"]
[BlackElo "2092"]
[Annotator "NA"]
[PlyCount "379"]
[EventDate "2020.01.20"]
[EventType "swiss"]
[EventCountry "GGB"]
[SourceTitle "playchess.com"]
[Source "ChessBase"]
[SourceQuality "1"]
[TimeControl "6600+10"]

1. d4 Nf6 2. Bf4 g6 3. Nc3 d6 4. e4 Bg7 5. Nf3 O-O 6. Qd2 a6 7. O-O-O b5 8. a3 Bb7 9. Re1 c5 10. dxc5 dxc5 11. Qxd8 Rxd8 12. Nd5 Bxd5 13. exd5 Nxd5 14. Bg5 Nc6 15. Bd3 Rd7 16. Be4 e6 17. Bxd5 Rxd5 18. Rd1 h6 19. Be3 Rad8 20. Rxd5 Rxd5 21. c3 c4 22. Rd1 Rxd1+ 23. Kxd1 Kf8 24. Kc2 Ke7 25. Bc5+ Kd7 26. b3 Na5 27. b4 Nc6 28. Kd2 e5 29. Ke3 Ke6 30. h3 f5 31. g3 Bf6 32. Bf8 h5 33. Bc5 Kd5 34. Kd2 e4 35. Ne1 Ne5 36. Bd4 Bg5+ 37. Ke2 Nd3 38. Nc2 Bh6 39. Ne3+ Bxe3 40. Bxe3 Ke5 41. Bd4+ Ke6 42. Be3 h4 43. Bg5 hxg3 44. fxg3 Kd5 45. Be3 Ne5 46. Bf4 Nf7 47. h4 Nd8 48. Ke3 Ne6 49. Bb8 g5 50. hxg5 Nxg5 51. Kf4 Nf3 52. Ba7 Ke6 53. g4 fxg4 54. Kxe4 Nd2+ 55. Kf4 Nb1 56. Kxg4 Nxc3 57. Kf4 Kd5 58. Ke3 Ne4 59. Bd4 Ng3 60. Bb2 Nf5+ 61. Kd2 Ke4 62. Kc3 Ne3 63. Bc1 Nd5+ 64. Kc2 Kd4 65. Bh6 c3 66. Bg7+ Kc4 67. Bh6 Nf6 68. Bg7 Nd5 69. Bh6 Nb6 70. Bg7 Nd5 71. Bh6 Kd4 72. Bg7+ Kc4 73. Bh6 Nb6 74. Bg7 Na4 75. Bf6 Nb6 76. Bxc3 Nd5 77. Bd2 Nc7 78. Be3 Ne6 79. Bc1 Nd4+ 80. Kb2 Kd3 81. Bh6 Nf5 82. Bc1 Nd6 83. Kb3 Nc4 84. Bh6 Nb6 85. Bc1 Na4 86. Bh6 Nc3 87. Bg7 Ne2 88. Bf6 Nc1+ 89. Kb2 Ne2 90. Kb3 Nc1+ 91. Kb2 Ne2 92. Kb3 Ng3 93. a4 Ne4 94. axb5 axb5 95. Be7 Nd2+ 96. Kb2 Kc4 97. Kc2 Nf1 98. Bf8 Ne3+ 99. Kb2 Nd5 100. Ka3 Kc3 101. Bg7+ Kc2 102. Bf8 Ne3 103. Be7 Nc4+ 104. Ka2 Ne3 105. Ka3 Nd5 106. Bd6 Kc3 107. Bc5 Kc2 108. Bd6 Ne3 109. Bc5 Nc4+ 110. Ka2 Kc3 111. Be7 Nb6 112. Ka3 Kc4 113. Bc5 Na4 114. Bf8 Nc3 115. Bc5 Nb1+ 116. Kb2 Nc3 117. Ka3 Ne4 118. Be7 Kc3 119. Bf8 Nd2 120. Be7 Kc2 121. Bf8 Kc3 122. Be7 Nc4+ 123. Ka2 Kc2 124. Bf8 Kc3 125. Bc5 Ne5 126. Ka3 Nc6 127. Bf8 Kc4 128. Bc5 Ne5 129. Bd6 Nf3 130. Bc5 Kc3 131. Bf8 Ne1 132. Bg7+ Kc4 133. Kb2 Nd3+ 134. Kc2 Nxb4+ 135. Kb2 Nd3+ 136. Kc2 b4 137. Kd2 b3 138. Ke3 Nc5 139. Kd2 Na4 140. Kc1 Nc3 141. Kb2 Nd1+ 142. Kc1 Nf2 143. Kd2 Kb4 144. Ke2 Ne4 145. Kd3 Nc5+ 146. Kd2 Ka3 147. Kc1 Ka2 148. Bh8 Nd3+ 149. Kd2 Nb2 150. Kc1 Nc4 151. Bg7 Nb6 152. Bh8 Nd5 153. Kd2 Kb1 154. Be5 Nb6 155. Bg7 Ka2 156. Kc1 Nc4 157. Bh8 Ka3 158. Bg7 Kb4 159. Bh8 Nb6 160. Kb2 Ka4 161. Bg7 Nd7 162. Bd4 Kb4 163. Bg7 Nb6 164. Bh8 Na4+ 165. Kc1 Nc3 166. Kb2 Na4+ 167. Kc1 Kc4 168. Bg7 Nc5 169. Kb2 Ne6 170. Bh8 Nf4 171. Bg7 Kb4 172. Bc3+ Kc4 173. Bg7 Nd5 174. Be5 Ne7 175. Bc3 Nc6 176. Bh8 Nb4 177. Bg7 Nd3+ 178. Kb1 Kb4 179. Bh8 Ka3 180. Bg7 Nf2 181. Bh8 Ne4 182. Bb2+ Kb4 183. Bh8 Nd6 184. Kb2 Ka4 185. Kb1 Nc4 186. Bg7 Kb4 187. Bh8 Nd2+ 188. Kb2 Nf1 189. Bg7 Ne3 190. Bh8 1/2-1/2

[Event "Gibraltar Challengers A 2020"]
[Site "Caleta"]
[Date "2020.01.21"]
[Round "1.29"]
[White "Hamer, Martyn"]
[Black "Patola, Eero"]
[Result "1/2-1/2"]
[ECO "D00"]
[WhiteElo "2069"]
[BlackElo "1831"]
[Annotator "NA"]
[PlyCount "90"]
[EventDate "2020.01.20"]
[EventType "swiss"]
[EventCountry "GGB"]
[SourceTitle "playchess.com"]
[Source "ChessBase"]
[SourceQuality "1"]
[TimeControl "6600+10"]

1. d4 Nf6 2. Nc3 e6 3. Bf4 d5 4. Nb5 Bd6 5. Nxd6+ cxd6 6. e3 Nc6 7. Nf3 h6 8. h3 O-O 9. Be2 Re8 10. O-O e5 11. Bh2 Qe7 12. c4 dxc4 13. Bxc4 e4 14. Nd2 d5 15. Be2 Bf5 16. a3 Rac8 17. Nb3 Nd7 18. Qd2 Qd8 19. Rac1 Qb6 20. Nc5 a5 21. Na4 Qa7 22. Nc3 Ne7 23. Nb5 Qb6 24. Nd6 Rxc1 25. Rxc1 Ra8 26. Bb5 Nf8 27. Nxf5 Nxf5 28. a4 Ne6 29. Qc3 Nd6 30. Bd7 Ne8 31. b3 Rd8 32. Bxe6 fxe6 33. Be5 Rd7 34. Qc5 Qd8 35. Qb5 Kf7 36. f3 exf3 37. Qf1 Kg8 38. Qxf3 Rf7 39. Qg4 Qd7 40. Qe2 Nd6 41. Bxd6 Qxd6 42. Rc8+ Rf8 43. Qc2 Rxc8 44. Qxc8+ Kh7 45. Kf2 b6 1/2-1/2

[Event "Gibraltar Challengers A 2020"]
[Site "Caleta"]
[Date "2020.01.21"]
[Round "1.30"]
[White "Erdogan, Hassan"]
[Black "Vinal Gutierrez, Pedro"]
[Result "1-0"]
[ECO "D04"]
[WhiteElo "1830"]
[BlackElo "2069"]
[Annotator "NA"]
[PlyCount "149"]
[EventDate "2020.01.20"]
[EventType "swiss"]
[EventCountry "GGB"]
[SourceTitle "playchess.com"]
[Source "ChessBase"]
[SourceQuality "1"]
[TimeControl "6600+10"]

1. d4 d5 2. Nf3 Nf6 3. e3 Bf5 4. Bd3 e6 5. O-O c6 6. c3 Nbd7 7. b3 Bd6 8. Bb2 Bxd3 9. Qxd3 Ne4 10. Nbd2 f5 11. c4 Qf6 12. Qe2 O-O 13. g3 Rf7 14. Ne1 Qg5 15. f4 Qh6 16. Nef3 Nxd2 17. Qxd2 Nf6 18. Ne5 Bxe5 19. dxe5 Ne4 20. Qe2 Rd8 21. cxd5 exd5 22. b4 Re7 23. Rfc1 Qh3 24. Bd4 a6 25. a4 Re6 26. Qf1 Qh6 27. Ra2 Qh5 28. Qe2 Qxe2 29. Rxe2 Rc8 30. Rec2 Kf7 31. a5 Ree8 32. Rg2 Ke6 33. Rgc2 Re7 34. Rg2 g5 35. Rf1 g4 36. Rc2 h5 37. Kg2 Rg7 38. Rfc1 h4 39. b5 c5 40. bxa6 bxa6 41. gxh4 Rh7 42. Rb1 Rc6 43. Rb6 Rhc7 44. Rxc5 Nxc5 45. Bxc5 Rxb6 46. Bxb6 Rh7 47. Kg3 Rh6 48. h3 gxh3 49. Kxh3 Kd7 50. Kg3 Kc6 51. Kf3 Rxh4 52. Ke2 Rh2+ 53. Kd3 Ra2 54. Kd4 Ra4+ 55. Kd3 Kb5 56. Bc7 Re4 57. Bb6 Kb4 58. Ke2 Kc4 59. Kf2 Kb5 60. Kg3 Rc4 61. Kh4 Rc8 62. Kg5 Rf8 63. Bc7 Kc6 64. Bd6 Rh8 65. Kxf5 Kd7 66. Bc5 Rh6 67. Kg5 Rh1 68. f5 Rc1 69. e6+ Ke8 70. Bd4 Ke7 71. Kf4 Rb1 72. Ke5 Rb5 73. f6+ Ke8 74. Kd6 Rb7 75. Kxd5 1-0

[Event "Gibraltar Challengers A 2020"]
[Site "Caleta"]
[Date "2020.01.21"]
[Round "1.31"]
[White "Ungureanu, Sandu"]
[Black "Garcia-Blazquez Perez, Manuel"]
[Result "1-0"]
[ECO "A80"]
[WhiteElo "2066"]
[BlackElo "1825"]
[Annotator "NA"]
[PlyCount "111"]
[EventDate "2020.01.20"]
[EventType "swiss"]
[EventCountry "GGB"]
[SourceTitle "playchess.com"]
[Source "ChessBase"]
[SourceQuality "1"]
[TimeControl "6600+10"]

1. c3 f5 2. d4 Nf6 3. Qc2 g6 4. Bg5 Bg7 5. Nd2 d6 6. e4 e5 7. Bd3 h6 8. Bxf6 Qxf6 9. dxe5 dxe5 10. exf5 gxf5 11. Bc4 Nc6 12. O-O-O Bd7 13. Nb3 Be6 14. Bxe6 Qxe6 15. Nc5 Qf6 16. Nxb7 O-O 17. Nh3 e4 18. Nc5 Rfd8 19. Qb3+ Kh7 20. Qe6 Ne5 21. Qxf6 Bxf6 22. Rxd8 Rxd8 23. Rd1 Rb8 24. Nd7 Nxd7 25. Rxd7+ Kg6 26. Rxc7 Be5 27. Rxa7 Bxh2 28. Ra6+ Kh5 29. Rf6 Kg4 30. Rxh6 f4 31. Rg6+ Kh4 32. Rh6+ Kg4 33. Ng5 Kxg5 34. Rxh2 Rd8 35. Rh7 e3 36. fxe3 fxe3 37. Re7 Kf4 38. a4 Rd2 39. Kb1 Rxg2 40. a5 Kf3 41. Ka2 e2 42. Kb3 Rg4 43. Kc2 Rg1 44. Kd3 e1=Q 45. Rxe1 Rxe1 46. b4 Rd1+ 47. Kc4 Ke4 48. a6 Ke5 49. Kc5 Ke6 50. a7 Rd5+ 51. Kb6 Rd6+ 52. Kb7 Rd7+ 53. Ka6 Rd1 54. a8=Q Ra1+ 55. Kb7 Rxa8 56. Kxa8 1-0

[Event "Gibraltar Challengers A 2020"]
[Site "Caleta"]
[Date "2020.01.21"]
[Round "1.32"]
[White "Kunnavakkam, Sudarshanagopal Vin"]
[Black "Kukic, Boris"]
[Result "1/2-1/2"]
[ECO "C13"]
[WhiteElo "1786"]
[BlackElo "2056"]
[Annotator "NA"]
[PlyCount "99"]
[EventDate "2020.01.20"]
[EventType "swiss"]
[EventCountry "GGB"]
[SourceTitle "playchess.com"]
[Source "ChessBase"]
[SourceQuality "1"]
[TimeControl "6600+10"]

1. e4 e6 2. d4 d5 3. Nc3 dxe4 4. Nxe4 Nf6 5. Bg5 Be7 6. Nxf6+ Bxf6 7. Bxf6 Qxf6 8. Nf3 O-O 9. Bd3 Nd7 10. Qd2 c5 11. O-O-O cxd4 12. Ng5 g6 13. h4 Nc5 14. h5 Nxd3+ 15. cxd3 h6 16. Ne4 Qg7 17. hxg6 f5 18. Rxh6 fxe4 19. Rdh1 e3 20. Qa5 Qxh6 21. Rxh6 exf2 22. Rh1 f1=Q+ 23. Rxf1 Rxf1+ 24. Kd2 Rf5 25. Qc7 Kf8 26. Qh7 Ke8 27. g7 Rf2+ 28. Ke1 Rxg2 29. g8=Q+ Rxg8 30. Qxg8+ Ke7 31. Qg7+ Ke8 32. Qxd4 a5 33. Qc3 Kd7 34. Kd2 Ra6 35. Ke3 Kd8 36. Qh8+ Kc7 37. Qe5+ Kd8 38. Qb5 Kc7 39. Qe5+ Kd8 40. Kf4 Kd7 41. Kg5 Rd6 42. Kf6 b6 43. d4 Bb7 44. Qb5+ Kd8 45. b4 axb4 46. Qxb4 Kd7 47. Qb5+ Kc7 48. Ke7 Bd5 49. Qa4 Rc6 50. Qa7+ 1/2-1/2

[Event "Gibraltar Challengers A 2020"]
[Site "Caleta"]
[Date "2020.01.21"]
[Round "1.33"]
[White "Huguet, Sergio"]
[Black "Ankitha Goud Palle"]
[Result "1/2-1/2"]
[ECO "A36"]
[WhiteElo "2055"]
[BlackElo "1761"]
[Annotator "NA"]
[PlyCount "113"]
[EventDate "2020.01.20"]
[EventType "swiss"]
[EventCountry "GGB"]
[SourceTitle "playchess.com"]
[Source "ChessBase"]
[SourceQuality "1"]
[TimeControl "6600+10"]

1. c4 c5 2. g3 Nc6 3. Bg2 g6 4. Nc3 Bg7 5. e4 e5 6. Nge2 Nge7 7. d3 O-O 8. O-O d6 9. a3 Nd4 10. b4 b6 11. Be3 Bg4 12. f3 Be6 13. Nd5 Nxe2+ 14. Qxe2 Nc6 15. b5 Bxd5 16. cxd5 Ne7 17. a4 h6 18. Ra3 f5 19. Rfa1 Qd7 20. Qb2 a5 21. bxa6 Rxa6 22. Qb5 Qa7 23. Bd2 Ra8 24. Bf1 Qb7 25. Be2 Kf7 26. Qb3 R6a7 27. Qb5 Qd7 28. Qxd7 Rxd7 29. Rb1 Nc8 30. Rb5 Rda7 31. Bd1 Bf8 32. Ra1 Rc7 33. Bb3 Ra6 34. Bc4 Rca7 35. a5 bxa5 36. Raxa5 Rxa5 37. Bxa5 Ra8 38. Kf2 Be7 39. Ke2 Ke8 40. Kd2 Bd8 41. Bc3 Nb6 42. Kc2 Kd7 43. Kb3 Kc8 44. Bd2 h5 45. Bc3 Ra7 46. Kc2 fxe4 47. fxe4 Rf7 48. Rb2 Rf2+ 49. Kb3 Rxb2+ 50. Bxb2 Nxc4 51. Kxc4 Kd7 52. Kb5 Bg5 53. h3 Be3 54. Bc3 Bg5 55. Be1 Be3 56. Bc3 Bg5 57. Be1 1/2-1/2

[Event "Gibraltar Challengers A 2020"]
[Site "Caleta"]
[Date "2020.01.21"]
[Round "1.34"]
[White "Lafour, Jephte"]
[Black "Karlsson, Jorgen"]
[Result "0-1"]
[ECO "A04"]
[WhiteElo "1690"]
[BlackElo "2054"]
[Annotator "NA"]
[PlyCount "104"]
[EventDate "2020.01.20"]
[EventType "swiss"]
[EventCountry "GGB"]
[SourceTitle "playchess.com"]
[Source "ChessBase"]
[SourceQuality "1"]
[TimeControl "6600+10"]

1. e4 g6 2. Nf3 Bg7 3. d3 c5 4. g3 Nc6 5. Bg2 d6 6. O-O h6 7. h3 e5 8. Nc3 Nge7 9. Be3 Be6 10. Ne2 Qd7 11. Kh2 f5 12. Nh4 Nd4 13. c3 Nxe2 14. Qxe2 O-O 15. f4 exf4 16. gxf4 Rae8 17. Qd2 b6 18. b3 Bf6 19. Nf3 Nc6 20. Rad1 Qg7 21. e5 Be7 22. d4 cxd4 23. cxd4 d5 24. Rg1 Bb4 25. Qd3 Rc8 26. Qb5 Qd7 27. Bh1 Kh7 28. Rg2 Be7 29. Rdg1 Rg8 30. h4 Nxe5 31. Qe2 Nxf3+ 32. Qxf3 Bxh4 33. Qh3 Bf6 34. Re2 Bf7 35. Bf3 Rc3 36. Kg2 Re8 37. Kf2 Rexe3 38. Rxe3 Bxd4 39. Rge1 Qe7 40. Bd1 Qc5 41. Qg3 Rxe3 42. Rxe3 Qc1 43. Be2 Qd2 44. a4 a5 45. Qf3 Bc5 46. Qg3 Be6 47. Qf3 Bc8 48. Qg3 Ba6 49. Qf3 Bxe2 50. Qxe2 Bxe3+ 51. Kf3 Qxe2+ 52. Kxe2 Bxf4 0-1

[Event "Gibraltar Challengers A 2020"]
[Site "Caleta"]
[Date "2020.01.21"]
[Round "1.35"]
[White "Martinez Lopez, Jaume"]
[Black "Hng, Mei-Xian Eunice"]
[Result "1-0"]
[ECO "A43"]
[WhiteElo "2042"]
[BlackElo "1661"]
[Annotator "NA"]
[PlyCount "97"]
[EventDate "2020.01.20"]
[EventType "swiss"]
[EventCountry "GGB"]
[SourceTitle "playchess.com"]
[Source "ChessBase"]
[SourceQuality "1"]
[TimeControl "6600+10"]

1. d4 Nf6 2. Nf3 c5 3. d5 e6 4. Nc3 d6 5. e4 exd5 6. exd5 Be7 7. Bb5+ Bd7 8. a4 O-O 9. O-O a6 10. Bd3 Bg4 11. h3 Bxf3 12. Qxf3 Nbd7 13. Qd1 Re8 14. Re1 g6 15. Bf4 Qb6 16. Qd2 Qb4 17. a5 b5 18. axb6 Qxb6 19. Ra4 Qb7 20. Rea1 Nb8 21. Bf1 Bf8 22. R1a3 Qb6 23. Rb3 Qc7 24. Bh2 Qd8 25. Nb5 Nbd7 26. Nc3 Qc8 27. Rba3 Nb8 28. Bc4 Nfd7 29. Bf1 Nb6 30. Ra5 N6d7 31. Nb5 Ne5 32. Ra1 Nbd7 33. Nc3 c4 34. f4 Bh6 35. Qf2 Nc6 36. dxc6 Qxc6 37. Qd4 Bg7 38. Qxc4 Qb6+ 39. Kh1 Rec8 40. Qb3 Qf2 41. Ne4 Qd4 42. Bd3 Rab8 43. Qa4 Qxa4 44. R5xa4 d5 45. Nc3 Rxb2 46. Nxd5 Re8 47. Rxa6 Rb5 48. Bxb5 Bxa1 49. Rxa1 1-0

[Event "Gibraltar Challengers A 2020"]
[Site "Caleta"]
[Date "2020.01.21"]
[Round "1.36"]
[White "Campuzano, Franco"]
[Black "Levay, Sorin"]
[Result "0-1"]
[ECO "A41"]
[WhiteElo "1785"]
[BlackElo "2192"]
[Annotator "ChessBase"]
[PlyCount "58"]
[EventDate "2020.01.20"]
[EventType "swiss"]
[EventCountry "GGB"]
[SourceTitle "playchess.com"]
[Source "ChessBase"]
[SourceQuality "1"]
[TimeControl "6600+10"]

1. Nf3 d6 2. d4 f5 3. Bf4 g6 4. e3 Bg7 5. c3 Nc6 6. Bb5 a6 7. Ba4 b5 8. Bc2 Nf6 9. h3 O-O 10. O-O Qe8 11. d5 e5 12. dxc6 exf4 13. exf4 Qxc6 14. Nd4 Qb6 15. Bb3+ Kh8 16. Ne6 Bxe6 17. Bxe6 Rae8 18. Bb3 d5 19. Nd2 c6 20. a4 Ne4 21. axb5 axb5 22. Nxe4 fxe4 23. Qd2 Rf5 24. Rae1 Ref8 25. g3 b4 26. Qe3 Qb8 27. Rb1 g5 28. fxg5 Rf3 29. Qe1 e3 0-1

[Event "Gibraltar Challengers A 2020"]
[Site "Caleta"]
[Date "2020.01.21"]
[Round "1.37"]
[White "Vila Dupla, Aurelio"]
[Black "Stolniceanu, Victor-Dumitru"]
[Result "0-1"]
[ECO "A35"]
[WhiteElo "2092"]
[BlackElo "2074"]
[Annotator "NA"]
[PlyCount "125"]
[EventDate "2020.01.20"]
[EventType "swiss"]
[EventCountry "GGB"]
[SourceTitle "playchess.com"]
[Source "ChessBase"]
[SourceQuality "1"]
[TimeControl "6600+10"]

1. Nf3 c5 2. c4 Nc6 3. Nc3 d6 4. d4 Bg4 5. d5 Bxf3 6. exf3 Nd4 7. Be3 Nf5 8. Bf4 g6 9. Qa4+ Qd7 10. Nb5 Kd8 11. Bd2 b6 12. Bc3 Bg7 13. Bxg7 Nxg7 14. Bd3 h5 15. Qc2 Nh6 16. a4 a6 17. Nc3 Ngf5 18. Ne2 Kc7 19. Qc3 a5 20. Bxf5 Nxf5 21. O-O Rae8 22. Rfe1 h4 23. Qd3 e6 24. dxe6 fxe6 25. Nc3 Nd4 26. Ne4 Qd8 27. b4 d5 28. bxc5 dxe4 29. cxb6+ Kb7 30. Qxe4+ Nc6 31. Rad1 Qe7 32. c5 Rd8 33. Qxg6 Rhg8 34. Qe4 Qg5 35. f4 Qg4 36. Rxd8 Rxd8 37. h3 Qh5 38. Qxe6 Qxc5 39. Qf7+ Kxb6 40. Qf6 Rd6 41. Qxh4 Qb4 42. Re3 Qxa4 43. Qg3 Nd4 44. Qg8 Ne2+ 45. Kh2 Qxf4+ 46. Rg3 Nxg3 47. Qb8+ Kc5 48. Qc7+ Kb5 49. fxg3 Qd4 50. Qb7+ Rb6 51. Qe7 a4 52. h4 Rd6 53. h5 a3 54. Qe2+ Qc4 55. Qe5+ Rd5 56. Qe8+ Kb4 57. h6 Qc5 58. Qb8+ Kc3 59. Qh8+ Qd4 60. Qc8+ Rc5 61. Qh3 a2 62. h7 a1=Q 63. g4+ 0-1

[Event "Gibraltar Challengers A 2020"]
[Site "Caleta"]
[Date "2020.01.21"]
[Round "2.1"]
[White "Godoy Olazabal, Artur"]
[Black "Sousa, Ludy Helsio Paulo"]
[Result "0-1"]
[ECO "B92"]
[WhiteElo "2154"]
[BlackElo "2247"]
[Annotator "ChessBase"]
[PlyCount "76"]
[EventDate "2020.01.20"]
[EventType "swiss"]
[EventCountry "GGB"]
[SourceTitle "playchess.com"]
[Source "ChessBase"]
[SourceQuality "1"]
[TimeControl "6600+10"]

1. e4 c5 2. Nf3 a6 3. Nc3 d6 4. d4 cxd4 5. Nxd4 e5 6. Nb3 Be7 7. Be2 Nf6 8. g4 h6 9. Rg1 Be6 10. f4 Nfd7 11. f5 Qb6 12. Rg2 Bh4+ 13. Kf1 Bxb3 14. axb3 Nf6 15. Qd3 Bg5 16. h4 Bxc1 17. Rxc1 Nbd7 18. Rd1 Ke7 19. Bf3 Nc5 20. Qc4 Qc6 21. g5 hxg5 22. hxg5 Ne8 23. g6 fxg6 24. Rxg6 b5 25. Qe2 Kd8 26. Nd5 Ra7 27. Qe3 Rf7 28. Qg5+ Kd7 29. Kg1 a5 30. Bg4 Nxe4 31. f6+ Kd8 32. fxg7+ Nxg5 33. gxh8=Q Qc5+ 34. Kh1 Rh7+ 35. Qxh7 Nxh7 36. Rg8 Qf2 37. Rd3 Qf7 38. Rc3 Qxd5+ 0-1

[Event "Gibraltar Challengers A 2020"]
[Site "Caleta"]
[Date "2020.01.21"]
[Round "2.2"]
[White "Lipecki, Alexander"]
[Black "Carrascoso Morales, Abel"]
[Result "0-1"]
[ECO "E63"]
[WhiteElo "2152"]
[BlackElo "2229"]
[Annotator "ChessBase"]
[PlyCount "102"]
[EventDate "2020.01.20"]
[EventType "swiss"]
[EventCountry "GGB"]
[SourceTitle "playchess.com"]
[Source "ChessBase"]
[SourceQuality "1"]
[TimeControl "6600+10"]

1. d4 Nf6 2. c4 g6 3. Nf3 Bg7 4. g3 O-O 5. Bg2 d6 6. O-O Nc6 7. Nc3 a6 8. e3 Bf5 9. b3 Rb8 10. a4 Nb4 11. Ne1 c5 12. Ba3 Qa5 13. Na2 Nc6 14. Bb2 cxd4 15. exd4 d5 16. b4 Qd8 17. c5 Re8 18. b5 Na5 19. Bc3 Ne4 20. Rc1 Nxc3 21. Nxc3 axb5 22. axb5 e5 23. Nxd5 e4 24. Ne3 Qxd4 25. Qe2 Nb3 26. Rd1 Qxc5 27. Rd5 Nd4 28. Qd1 Qc3 29. N1c2 Nxc2 30. Qxc2 Qxc2 31. Nxc2 Be6 32. Rc5 b6 33. Rc7 Be5 34. Ra7 Bc4 35. Re1 Bxb5 36. Bxe4 Bc3 37. Rb1 Bc4 38. Bf3 b5 39. Ne3 Bd4 40. Rc7 Bxe3 41. fxe3 Rxe3 42. Kf2 Ree8 43. Bg4 Ra8 44. Rb2 h5 45. Bf3 Ra3 46. Bc6 Re5 47. Rb7 Rf5+ 48. Kg2 Bf1+ 49. Kg1 Ra1 50. Rb8+ Kg7 51. Ra8 Rc1 0-1

[Event "Gibraltar Challengers A 2020"]
[Site "Caleta"]
[Date "2020.01.21"]
[Round "2.3"]
[White "Oragwu, Chukwunonso"]
[Black "Longa Yauca, Javier"]
[Result "1-0"]
[ECO "B40"]
[WhiteElo "2220"]
[BlackElo "2154"]
[Annotator "ChessBase"]
[PlyCount "93"]
[EventDate "2020.01.20"]
[EventType "swiss"]
[EventCountry "GGB"]
[SourceTitle "playchess.com"]
[Source "ChessBase"]
[SourceQuality "1"]
[TimeControl "6600+10"]

1. e4 e6 2. d3 c5 3. Nf3 Nc6 4. c3 d5 5. Nbd2 Nf6 6. Be2 Be7 7. O-O O-O 8. Re1 e5 9. exd5 Qxd5 10. Bf1 Bg4 11. Qb3 Qxb3 12. axb3 Nd7 13. h3 Bh5 14. g4 Bg6 15. Nc4 Rfe8 16. Ncxe5 Ndxe5 17. Nxe5 Bf6 18. Nf3 Red8 19. Be3 b6 20. g5 Be7 21. d4 cxd4 22. Nxd4 Nxd4 23. Bxd4 Bxg5 24. Bg2 Rab8 25. Rxa7 h6 26. b4 b5 27. Bf1 Bf4 28. Bg2 Rd6 29. Ree7 Rc8 30. Ra8 Rxa8 31. Bxa8 Bc1 32. b3 Bg5 33. Re8+ Kh7 34. Re1 f6 35. Be4 f5 36. Bd3 Bd2 37. Re7 h5 38. Rxg7+ Kh6 39. Re7 f4 40. Bxb5 Bf5 41. Bg7+ Kg5 42. Be5 Rg6 43. Rg7 Rxg7 44. Bxg7 Bxh3 45. Bc6 Bg4 46. b5 f3 47. Be5 1-0

[Event "Gibraltar Challengers A 2020"]
[Site "Caleta"]
[Date "2020.01.21"]
[Round "2.5"]
[White "Mohota, Nisha"]
[Black "Royset, Pal"]
[Result "0-1"]
[ECO "D36"]
[WhiteElo "2201"]
[BlackElo "2151"]
[Annotator "ChessBase"]
[PlyCount "114"]
[EventDate "2020.01.20"]
[EventType "swiss"]
[EventCountry "GGB"]
[SourceTitle "playchess.com"]
[Source "ChessBase"]
[SourceQuality "1"]
[TimeControl "6600+10"]

1. d4 Nf6 2. c4 e6 3. Nc3 d5 4. cxd5 exd5 5. Bg5 c6 6. e3 Be7 7. Bd3 Nbd7 8. Qc2 Nh5 9. Bxe7 Qxe7 10. Nge2 Nhf6 11. O-O-O Nb6 12. Kb1 Be6 13. Rc1 h6 14. h3 h5 15. Rhe1 h4 16. f3 O-O-O 17. Na4 Kb8 18. Nc5 Bc8 19. Qd2 Rde8 20. e4 dxe4 21. fxe4 Nbd7 22. e5 Nd5 23. Ne4 N7b6 24. Rf1 Ref8 25. Ng1 Nb4 26. Nc5 Nxd3 27. Nxd3 Nd5 28. Ne2 Rd8 29. Rf3 f5 30. Nc5 g5 31. Rb3 Ka8 32. Qa5 b6 33. Qa4 bxc5 34. Rxc5 Rh6 35. Rxc6 Bd7 36. Rb7 Kxb7 37. Qa6+ Ka8 38. Rxh6 Bc8 39. Qa5 f4 40. a3 Bf5+ 41. Ka1 Qc7 42. Qd2 Qc2 43. Qxc2 Bxc2 44. Nc3 Nxc3 45. bxc3 Be4 46. e6 Bxg2 47. Rf6 Bxh3 48. e7 Re8 49. Rf8 Bd7 50. d5 Kb7 51. c4 Rxe7 52. c5 h3 53. Rh8 f3 54. c6+ Bxc6 55. dxc6+ Kxc6 56. Rxh3 f2 57. Rf3 Re1+ 0-1